AoeStats
← VIT Liereyy

Hideout

509117941Analyzed
1v1 RM · 7d ago on Sep 25, 2026· 29m 26s· 2 players
Game mode
Random Map
Map size
Tiny (2 player)
Population
200
Speed
Normal
Resources
Standard
Victory
Conquest
Starting age
Dark Age
Ending age
Imperial Age
RankedLock teamsTeams togetherTeam positionsShared explorationLock speedFull tech treeHidden civsTurbo modeCheats
Victory
Defeat
🇦🇹 Danes · Austria
2971
+1
🇺🇸 Malay · United States
2154
-1
noah23
9:21 Feudal Age
10:21 Feudal Age
14:18 Castle Age
12:28 Double-Bit Axe
12:56 Horse Collar
14:37 Loom
22:17 Sanctity
22:51 Wheelbarrow
25:17 Forging
26:41 Bow Saw
VIT Liereyy
10:02 Feudal Age
9:52 Loom
13:35 Castle Age
11:32 Double-Bit Axe
15:57 Forging
19:06 Scale Mail Armor
19:31 Arson
21:54 Chain Mail Armor
24:37 Iron Casting
28:13 Squires
Connection lost

Rejoining the realm…

Still unreachable

The connection could not be restored.

Session expired

The server has moved on; the page needs a fresh start.